 Dungeon Crawl Stone Soup version 0.19-a0-1732-g0b18a7b (webtiles) character file.

792 Duffy the Shield-Bearer (level 7, 34/61 HPs)
             Began as a Deep Dwarf Fighter on Sept 30, 2016.
             Quit the game in an ossuary.
             The game lasted 00:03:09 (1484 turns).

Duffy the Shield-Bearer (Deep Dwarf Fighter)        Turns: 1484, Time: 00:03:10

Health: 34/61      AC:  8    Str: 26    XL:     7   Next: 57%
Magic:  2/2        EV:  8    Int:  9    God:
Gold:   89         SH: 11    Dex: 12    Spells: 0 memorised, 6 levels left

rFire  . . .     SeeInvis .     a - +0 war axe
rCold  . . .     Gourm    .     b - +0 scale mail
rNeg   . . .     Faith    .     c - +0 shield
rPois  .         Spirit   .     (no helmet)
rElec  .         Dismiss  .     (no cloak)
rCorr  .         Reflect  .     p - +0 pair of gloves
MR     +....     Harm     .     (no boots)
Stlth  ..........               (no amulet)
                                (no ring)
                                (no ring)

@: mighty, non-regenerating
A: damage resistance, recharge devices, sense surroundings 1, slow regeneration
3
a: Device Recharging


You were in an ossuary.
You were hungry.

You visited 1 branch of the dungeon, and saw 4 of its levels.
You also visited: Ossuary.

You collected 89 gold pieces.

Inventory:

Hand Weapons
 a - a +0 war axe (weapon)
Armour
 b - a +0 scale mail (worn)
 c - a +0 shield (worn)
 p - a +0 pair of gloves (worn)
Wands
 e - a wand of heal wounds (3/9)
Scrolls
 i - a scroll of noise {unknown}
 k - 3 scrolls of magic mapping {unknown}
 l - 2 scrolls of fog {unknown}
 m - 2 scrolls of teleportation {unknown}
 q - 2 scrolls of remove curse {unknown}
 s - a scroll of enchant armour {unknown}
 t - a scroll of silence {unknown}
Potions
 g - a potion of invisibility {unknown}
 j - a potion of cure mutation {unknown}
 n - a potion of brilliance {unknown}
 r - a potion of beneficial mutation {unknown}
Comestibles
 f - 2 bread rations
 h - a beef jerky
 o - a meat ration


   Skills:
 - Level 2.6 Fighting
 + Level 6.9 Axes
 - Level 3.2 Armour
 + Level 7.3 Shields


You had 6 spell levels left.
You didn't know any spells.

Dungeon Overview and Level Annotations

Branches:
Dungeon (4/15)
 Temple: D:4-7

Altars:

Annotations:
D:4 PeterLawrence's ghost, amateur MiFi


Innate Abilities, Weirdness & Mutations

You are resistant to damage.
You can recharge devices by infusing magical energy.
You passively map a small area around you.
You do not regenerate.


Message History

You are frozen.
You miss Gruesome's ghost.
Gruesome's ghost is severely damaged.
Gruesome's ghost hits you!
You slash Gruesome's ghost!
You destroy Gruesome's ghost!
Your Axes skill increases to level 6!
Your Shields skill gained 2 levels and is now at level 7!
You have reached level 6!
Your experience leads to an increase in your attributes!
Your base attributes are Str 20, Int 9, Dex 12.
Increase (S)trength, (I)ntelligence, or (D)exterity?
You feel stronger.
You have reached level 7!
Okay, then.
Are you sure you want to abandon this character and quit the game? (Confirm with "yes".)
Okay, then.
Unknown command.
Okay, then.
Are you sure you want to abandon this character and quit the game? (Confirm with "yes".)

#################
#........\..\....
#................,
#......########..
#...####.'....####
#..##.#..#.......##
#..'..####.#####.\#
#..##......#...'.##
#.@.####...#..####
#......######## ,
#.........
#.........,
#......###* *
#...#### #..## * *
,, #..# , ,' **


There were no monsters in sight!

Vanquished Creatures
  The ghost of Gruesome the Basher, a novice NaIE (Ossuary)
  An elf zombie (Ossuary)
  A centaur zombie (Ossuary)
  Ijyb (D:2)
  Natasha (D:3)
  A mummy (Ossuary)
  3 adders
  2 adder zombies (Ossuary)
  A worm (D:3)
  A dart slug (D:1)
  A giant cockroach (D:2)
  4 goblins (D:1)
  9 hobgoblins
  7 jackals
  5 bats
  6 frilled lizards
  4 goblin zombies (Ossuary)
  A hobgoblin zombie (Ossuary)
  A jackal zombie (Ossuary)
  4 kobolds
  An orc zombie (Ossuary)
  2 quokka zombies (Ossuary)
  2 rats
  2 rat zombies (Ossuary)
62 creatures vanquished.

Notes
Turn   | Place    | Note
-------+----------+-------------------------------------------
     0 | D:1      | Duffy the Deep Dwarf Fighter began the quest for the Orb.
     0 | D:1      | Reached XP level 1. HP: 20/20 MP: 1/1
    88 | D:1      | Reached XP level 2. HP: 27/27 MP: 2/2
   453 | D:1      | Reached skill level 3 in Axes
   853 | D:1      | Reached XP level 3. HP: 26/33 MP: 3/3
  1040 | D:2      | Reached skill level 4 in Shields
  1041 | D:2      | Noticed Ijyb
  1071 | D:2      | Killed Ijyb
  1139 | D:2      | Reached XP level 4. HP: 30/40 MP: 4/4
  1239 | D:3      | Noticed Natasha
  1247 | D:3      | Reached skill level 4 in Axes
  1248 | D:3      | Killed Natasha
  1269 | D:4      | Noticed PeterLawrence's ghost (amateur MiFi)
  1277 | D:4      | Found a sand-covered staircase.
  1283 | Ossuary  | Entered an ossuary
  1315 | Ossuary  | Reached skill level 5 in Shields
  1315 | Ossuary  | Reached XP level 5. HP: 42/46 MP: 5/5
  1334 | Ossuary  | Reached skill level 5 in Axes
  1402 | Ossuary  | Noticed Gruesome's ghost (novice NaIE)
  1462 | Ossuary  | HP: 2/46 [Gruesome's ghost/Freeze (9)]
  1483 | Ossuary  | Killed Gruesome's ghost
  1483 | Ossuary  | Reached skill level 6 in Axes
  1483 | Ossuary  | Reached skill level 7 in Shields
  1483 | Ossuary  | Reached XP level 6. HP: 30/55 MP: 1/1
  1483 | Ossuary  | Reached XP level 7. HP: 34/61 MP: 2/2
  1484 | Ossuary  | Quit the game

Vault maps used:
D:1:      nicolae_arrival_washed_ashore, serial_forest,
          infiniplex_forest_corner_1, infiniplex_forest_split,
          infiniplex_forest_lined_ring, infiniplex_forest_end_2,
          infiniplex_forest_straight_3, infiniplex_forest_clump_C,
          infiniplex_forest_lined_4_way, minmay_stone_trees_medium
D:2:      corexii_item_surrounded_by_moat, lemuel_old_faithful, uniq_iyjb,
          uniq_jessica
D:3:      first_bread, uniq_robin, uniq_crazy_yiuf_cottage, uniq_sigmund,
          uniq_natasha
D:4:      kennysheep_mini_moat, gup_ossuary_entry_pyramid,
          cheibriados_altar_wand_db, uniq_edmund, uniq_blork_the_orc
Ossuary:  minmay_ossuary_two_tombs

Skill      XL: |  1  2  3  4  5 |
---------------+----------------+-----
Axes           | 3 4 6 |  6.9
Shields        | 4 5 7 |  7.3
Fighting       | |  2.6
Armour         | |  3.2

Action                   |  1- 3 |  4- 6 |  7- 9 || total
-------------------------+-------+-------+-------++-------
Melee: War axe           |   110 |   125 |       ||   235
 Abil: Device Recharging |       |     5 |       ||     5
Evoke: Wand              |       |    22 |       ||    22
  Use: Potion            |       |     1 |       ||     1
  Eat: Chunk             |     1 |     1 |       ||     2
Armor: Scale mail        |    53 |    61 |       ||   114
Dodge: Dodged            |    47 |    30 |       ||    77
Block: Shield            |    68 |    55 |       ||   123
